 Dungeon Crawl Stone Soup version 0.29.1-12-g30fa7ad0bf (webtiles) character file.

Game seed: 12171025888004292581

46 KittyFluff the Trooper (level 3, -2/24 HPs)
             Began as a Gargoyle Berserker on Jan 15, 2023.
             Was a Follower of Trog.
             Killed by nerve-wracking pain
             ... invoked by an orc priest
              (3 damage)
             ... on level 2 of the Dungeon.
             The game lasted 00:04:39 (1108 turns).

KittyFluff the Trooper (Gargoyle Berserker)         Turns: 1108, Time: 00:04:39

Health: -2/24      AC:  5    Str: 20    XL:     3   Next: 68%
Magic:  3/3        EV: 12    Int:  7    God:    Trog [*.....]
Gold:   84         SH:  0    Dex: 11    Spells: 2/2 levels left

rFire   . . .      SeeInvis .   a - +0 mace
rCold   . . .      Faith    .   (no shield)
rNeg    + . .      Spirit   .   b - +0 animal skin
rPois   ∞          Reflect  .   (no helmet)
rElec   +          Harm     .   (no cloak)
rCorr   .          Rampage  .   (no gloves)
Will    .....                   (no boots)
Stlth   +.........              (no amulet)
HPRegen 0.08/turn               (no ring)
MPRegen 0.08/turn               (no ring)

@: no status effects
A: sickness immunity, AC +3, negative energy resistance 1, electricity
resistance, torment resistance 1, petrification resistance
a: Renounce Religion, Berserk


You were on level 2 of the Dungeon.
You worshipped Trog.
Trog was aware of your devotion.
You visited 1 branch of the dungeon, and saw 2 of its levels.

You collected 84 gold pieces.

Inventory:

Hand Weapons
 a - a +0 mace (weapon)
 f - a +0 sling
 i - a +0 sling
Missiles
 c - 3 javelins
 d - 16 stones (quivered)
Armour
 b - a +0 animal skin (worn)
 e - a +0 ring mail
Scrolls
 j - a scroll of teleportation {unknown}
 k - a scroll of noise {unknown}
Potions
 g - a potion of curing {unknown}
 h - a potion of invisibility {unknown}


   Skills:
 + Level 3.7 Fighting
 * Level 3.4 Maces & Flails
 * Level 3.1 Armour
 + Level 1.9 Dodging


You had 2 spell levels left.
You didn't know any spells.
Your spell library was empty.

Dungeon Overview and Level Annotations

Branches:
Dungeon (2/15)

Altars:


Innate Abilities, Weirdness & Mutations

You are immune to sickness and miasma.
Your stone body is resilient. (AC +3)
You are immune to poison.
You resist negative energy. (rN+)
You are resistant to electric shocks. (rElec)
You are resistant to unholy torment.
You are immune to petrification.


Message History

The orc is severely wounded.
The orc barely misses you. The orc closely misses you.
You barely miss the orc.
The orc is severely wounded.
The orc closely misses you.
You hit the orc but do no damage.
The orc is severely wounded.
The orc barely misses you.
You hit the orc.
The orc is almost dead.
The orc barely misses you.
You hit the orc but do no damage.
The orc is almost dead.
The orc hits you but does no damage.
You hit the orc.
You kill the orc!
Trog accepts your kill.
The orc priest invokes the aid of Beogh against you.
Beogh smites you!
Ouch! That really hurt!
* * * LOW HITPOINT WARNING * * *
You hit the orc priest.
The orc priest is moderately wounded.
The orc priest hits you but does no damage.
You closely miss the orc priest.
The orc priest is moderately wounded.
The orc priest barely misses you.
You closely miss the orc priest.
The orc priest is moderately wounded.
The orc priest hits you with a +0 club.
* * * LOW HITPOINT WARNING * * *
You hit the orc priest.
The orc priest is heavily wounded.
The orc priest barely misses you.
You closely miss the orc priest.
The orc priest is heavily wounded.
The orc priest looks satisfied for a moment.
The orc priest mumbles some strange prayers to Beogh against you.
Pain shoots through your body!
You die...

# #####.. ########
...... #......#
....# #####
#......# ...# #
#...#
#......##...# #
#...# #......o@..#
# #...#
#......##### #
#...######....[.#
#
#.......[.....o.#
#
#........†#.....#
#
###.......#.......
###
##.....#####.....
..# ##.##### .....
..###..# .....


You could see an orc priest.

Vanquished Creatures
  2 adders (D:2)
  2 orcs (D:2)
  4 bats
  2 endoplasms (D:2)
  2 goblins
  2 hobgoblins (D:2)
  3 jackals (D:2)
  A quokka (D:1)
  2 frilled lizards (D:1)
  3 kobolds
  3 rats
26 creatures vanquished.

Notes
Turn   | Place    | Note
-------+----------+-------------------------------------------
     0 | D:1      | KittyFluff the Gargoyle Berserker began the quest for the
                  | Orb.
     0 | D:1      | Reached XP level 1. HP: 14/14 MP: 1/1
   145 | D:1      | Reached XP level 2. HP: 17/19 MP: 2/2
   672 | D:2      | Reached XP level 3. HP: 22/23 MP: 3/3
  1106 | D:2      | HP: 1/24 [orc priest/+0 club (4)]
  1108 | D:2      | Killed from afar by an orc priest

Illustrated notes

Levels and vault maps discovered:
D:1:      giann_horns, layout_rooms, serial_corexii_hall,
          chequers_hall_statues_wall_a, corexii_hall_statues_l,
          chequers_hall_statues_y
D:2:      layout_basic

Skill      XL: |  1  2  3 |
---------------+----------+-----
Armour         | 3 |  3.1
Fighting       | |  3.7
Maces & Flails | |  3.4
Dodging        | |  1.9

Action                   || total
-------------------------++-------
Melee: Mace              ||    89
Armor: Animal skin       ||    35
Dodge: Dodged            ||    71
